[Event "Titled Tuesday Blitz June 27 Early 2023"]
[White "Lacasa Diaz, Jose Antonio"]
[Black "Yuan, Qingyu"]
[WhiteFideId "2203375"]
[BlackFideId "8609772"]
[WhiteElo "2418"]
[BlackElo "2716"]
[Result "0-1"]
[Round "1"]
[TimeControl "180+2"]
[Date "2023.06.27"]
[WhiteClock "0:00:06"]
[BlackClock "0:00:12"]
[Board "112"]

1. e4 e5 2. Nf3 Nc6 3. Bb5 Nf6 4. O-O Nxe4 5. d4 Nd6 6. dxe5 Nxb5 7. a4 Nbd4 8. Nxd4 d5 9. exd6 Bxd6 10. Re1+ Be7 11. Nxc6 Qxd1 12. Rxd1 bxc6 13. Bf4 Bf5 14. Bxc7 Bxc2 15. Rd2 Bf5 16. Nc3 O-O 17. Rad1 Rfe8 18. h3 h6 19. Ba5 Rab8 20. Ne2 Bg5 21. f4 Be7 22. Nd4 Be4 23. Kh2 a6 24. Bc3 g5 25. fxg5 hxg5 26. Ne2 Bd5 27. Nd4 Bd6+ 28. Kh1 Bf4 29. Rf2 Re3 30. Kg1 Re4 31. Nf5 Kh7 32. g3 Bc7 33. Rd4 Rbe8 34. Rxe4 Rxe4 35. Kh2 Kg6 36. Nd4 Re3 37. Nf5 Rd3 38. Ne7+ Kh5 39. Nxd5 Bxg3+ 40. Kg2 Bxf2 41. Nf6+ Kg6 42. Kxf2 Rxc3 43. bxc3 Kxf6 44. Kf3 Kg6 45. Kg3 f5 46. Kf3 Kf6 47. Ke3 Ke5 48. Kf3 Kd5 49. Ke3 Kc4 0-1


[Site "https://www.chess.com"]

[Event "Titled Tuesday Blitz June 27 Early 2023"]
[White "Zhu, Jiner"]
[Black "Gulkov, Igor A."]
[WhiteFideId "8608059"]
[BlackFideId "4120973"]
[WhiteElo "2716"]
[BlackElo "2417"]
[Result "1-0"]
[Round "1"]
[TimeControl "180+2"]
[Date "2023.06.27"]
[WhiteClock "0:00:13"]
[BlackClock "0:00:00"]
[Board "113"]

1. c4 Nf6 2. Nc3 e5 3. Nf3 Nc6 4. g3 d5 5. cxd5 Nxd5 6. Bg2 Nb6 7. O-O Be7 8. d3 O-O 9. a3 Re8 10. Be3 Bf8 11. Rc1 a6 12. b4 Be6 13. Nd2 Nd5 14. Nxd5 Bxd5 15. Ne4 h6 16. Nc5 Bxc5 17. Rxc5 Bxg2 18. Kxg2 Qd7 19. Qc2 Re7 20. Rc1 Rc8 21. Qb2 Nd4 22. Bxd4 Qxd4 23. Qxd4 exd4 24. Kf1 c6 25. a4 Rce8 26. R1c2 Re5 27. h4 h5 28. Ke1 g6 29. Rxe5 Rxe5 30. Rc5 Rxc5 31. bxc5 Kg7 32. e4 dxe3 33. fxe3 Kf6 34. Ke2 Ke5 35. Kf3 f6 36. d4+ Kd5 37. Kf4 a5 38. Kf3 g5 39. Kf2 Ke4 40. Ke2 gxh4 41. gxh4 f5 42. Kd2 f4 43. exf4 Kxd4 44. f5 Kxc5 45. Ke3 b5 46. Kf4 b4 47. Kg5 b3 48. f6 Kd6 49. Kh6 b2 50. f7 Ke7 51. Kg7 b1=Q 52. f8=Q+ Kd7 53. Qf7+ Kc8 54. Qxh5 Qa1+ 55. Kg8 Qxa4 56. Qe8+ Kc7 57. h5 Qg4+ 58. Qg6 1-0


[Site "https://www.chess.com"]

[Event "Titled Tuesday Blitz June 27 Early 2023"]
[White "Dinu, Dumitru-Daniel"]
[Black "Lavrik, Dmitry"]
[WhiteFideId "1208403"]
[BlackFideId "24113190"]
[WhiteElo "2417"]
[BlackElo "2715"]
[Result "0-1"]
[Round "1"]
[TimeControl "180+2"]
[Date "2023.06.27"]
[WhiteClock "0:00:00"]
[BlackClock "0:00:57"]
[Board "114"]

1. e4 c5 2. Nf3 e6 3. b3 Nc6 4. Bb2 a6 5. g3 d6 6. Bg2 e5 7. O-O Nf6 8. d3 Be7 9. Nbd2 O-O 10. Ne1 d5 11. exd5 Nxd5 12. Nc4 f6 13. Bxd5+ Qxd5 14. Nb6 Qd8 15. Nxa8 Bh3 16. Ng2 Qxa8 17. Qh5 Qc8 18. f3 Nd4 19. Rf2 Bd7 20. Re1 Bc6 21. Re3 g6 22. Qh4 Nf5 23. Qc4+ Kg7 24. Re1 b5 25. Qg4 h5 26. Qh3 Bd7 27. g4 Nh6 28. Ne3 hxg4 29. fxg4 Nxg4 30. Nxg4 Bxg4 31. Qg3 Bh5 32. Rg2 Kh7 33. Bxe5 fxe5 34. Qxe5 Bf6 35. Qd5 Bf3 36. Qxf3 Bd4+ 37. Qe3 Qe6 0-1


[Site "https://www.chess.com"]

[Event "Titled Tuesday Blitz June 27 Early 2023"]
[White "Postny, Evgeny"]
[Black "Gatterer, Florian"]
[WhiteFideId "2804344"]
[BlackFideId "811688"]
[WhiteElo "2714"]
[BlackElo "2416"]
[Result "1-0"]
[Round "1"]
[TimeControl "180+2"]
[Date "2023.06.27"]
[WhiteClock "0:00:16"]
[BlackClock "0:00:14"]
[Board "115"]

1. e4 c5 2. Nf3 e6 3. b3 a6 4. Bb2 Nc6 5. Bd3 Nf6 6. O-O d5 7. exd5 Nxd5 8. Re1 Be7 9. Bxg7 Rg8 10. Bh6 Qc7 11. Nc3 Nf4 12. Bxf4 Qxf4 13. g3 Qf6 14. Bxh7 Rh8 15. Be4 Bd7 16. Na4 O-O-O 17. Nb6+ Kc7 18. Nxd7 Rxd7 19. Bxc6 bxc6 20. Qe2 Bd6 21. d3 Qh6 22. Qf1 Rdd8 23. Qg2 Qf6 24. Nd2 Qg7 25. Nc4 Be7 26. Rad1 Bf6 27. Re4 Rh5 28. Na5 Rdh8 29. Rf4 Rd5 30. Qf3 Qh6 31. Rxf6 Qxh2+ 32. Kf1 Re5 33. Qxc6+ Kd8 34. Qd6+ Ke8 35. Qxe5 Qh1+ 36. Ke2 Qh5+ 37. Qxh5 Rxh5 38. Nc4 1-0


[Site "https://www.chess.com"]

[Event "Titled Tuesday Blitz June 27 Early 2023"]
[White "Luukkonen, Tommi"]
[Black "Matinian, Nikita"]
[WhiteFideId "501808"]
[BlackFideId "24129100"]
[WhiteElo "2414"]
[BlackElo "2712"]
[Result "0-1"]
[Round "1"]
[TimeControl "180+2"]
[Date "2023.06.27"]
[WhiteClock "0:00:00"]
[BlackClock "0:00:28"]
[Board "116"]

1. e4 c5 2. d4 cxd4 3. Qxd4 Nc6 4. Qd3 Nf6 5. Nc3 e6 6. Bf4 Bb4 7. O-O-O O-O 8. f3 Qa5 9. Nge2 e5 10. Bg5 Ne8 11. a3 Be7 12. h4 f6 13. Be3 Nc7 14. Nd5 Nxd5 15. exd5 Nb8 16. d6 Bd8 17. Qc4+ Kh8 18. Qxc8 b5 19. Qb7 Nc6 20. Qxd7 Bb6 21. Bd2 Qa4 22. Qxc6 Rac8 23. Qe4 Rc4 24. Qd3 Rfc8 25. Nc3 Qa6 26. d7 Rd8 27. Nxb5 Rc6 28. Nd6 Qxd3 29. Bxd3 Rxd6 30. Bf5 g6 31. Bh3 f5 32. Bc3 Be3+ 33. Kb1 Bd4 34. Bb4 R6xd7 35. c3 Bf2 36. Rxd7 Rxd7 37. h5 Kg7 38. hxg6 hxg6 39. Kc2 Bg3 40. Rd1 Rf7 41. c4 Kh6 42. c5 Kg5 43. Bd2+ Kf6 44. b4 g5 45. b5 Bf2 46. c6 e4 47. Bc3+ Kg6 48. fxe4 g4 49. exf5+ Kxf5 50. Rd7 Rf8 51. c7 Rc8 52. Rf7+ Ke4 53. Rxf2 gxh3 54. gxh3 Rxc7 55. Kb3 Kd3 56. Rf3+ Ke4 57. Rg3 Rb7 58. a4 a6 59. Rg4+ Kd3 60. Rd4+ Ke3 61. Kb4 axb5 62. axb5 Rh7 63. h4 Rh6 64. Rc4 Kd3 65. Be5 Rh5 66. Bd6 Rd5 67. Bc5 Rf5 68. b6 Rf1 69. Rd4+ Kc2 70. Kb5 Rb1+ 71. Kc6 Kc3 72. Rb4 Rf1 73. b7 Rf6+ 74. Bd6 Rf7 75. b8=Q Rf3 0-1


[Site "https://www.chess.com"]

[Event "Titled Tuesday Blitz June 27 Early 2023"]
[White "Fromm, Marius"]
[Black "Mrudul Dehankar"]
[WhiteFideId "12993190"]
[BlackFideId "25096990"]
[WhiteElo "2711"]
[BlackElo "2414"]
[Result "1-0"]
[Round "1"]
[TimeControl "180+2"]
[Date "2023.06.27"]
[WhiteClock "0:00:57"]
[BlackClock "0:00:00"]
[Board "117"]

1. e4 c6 2. d4 d5 3. exd5 cxd5 4. Bd3 Nc6 5. c3 Nf6 6. h3 g6 7. Nf3 Bg7 8. O-O O-O 9. Re1 Bf5 10. Bf1 Rc8 11. Bf4 Ne8 12. Nbd2 Nd6 13. Qb3 Be4 14. Bxd6 Bxf3 15. Bxe7 Nxe7 16. Nxf3 Qc7 17. Re2 Rcd8 18. Rae1 Nc6 19. g3 h5 20. Bg2 Na5 21. Qc2 Nc4 22. h4 a6 23. Ng5 b5 24. b3 Nb6 25. Re7 Qd6 26. Qd3 Bf6 27. R7e3 Kg7 28. Qe2 Rc8 29. Qf3 a5 30. Nh3 b4 31. Rd1 bxc3 32. Rxc3 Qb4 33. Rxc8 Rxc8 34. Nf4 Rc3 35. Nxd5 Rxf3 36. Nxb4 Rc3 37. Nc6 Rc2 38. a4 Ra2 39. d5 Rb2 40. d6 Nd7 41. Bh3 Nc5 42. d7 Rxb3 43. d8=Q Bxd8 44. Nxd8 Nxa4 45. Rd7 Rf3 46. Ne6+ Kf6 47. Ng5 Rb3 48. f4 1-0


[Site "https://www.chess.com"]

[Event "Titled Tuesday Blitz June 27 Early 2023"]
[White "Kopczynski, Michal"]
[Black "Ajay Karthikeyan"]
[WhiteFideId "1124200"]
[BlackFideId "35011685"]
[WhiteElo "2413"]
[BlackElo "2710"]
[Result "0-1"]
[Round "1"]
[TimeControl "180+2"]
[Date "2023.06.27"]
[WhiteClock "0:00:04"]
[BlackClock "0:00:20"]
[Board "118"]

1. e4 c5 2. d4 cxd4 3. c3 d3 4. Bxd3 g6 5. f4 Bg7 6. Nf3 d6 7. O-O Nc6 8. Kh1 Nf6 9. Qe1 O-O 10. Be3 Bg4 11. Nbd2 Rc8 12. Rd1 Qa5 13. a3 Qh5 14. Be2 e5 15. f5 d5 16. fxg6 hxg6 17. Ng1 dxe4 18. h3 Bxe2 19. Nxe2 Rcd8 20. Ng3 Qh4 21. Ngxe4 Qxe1 22. Nxf6+ Bxf6 23. Rdxe1 Bg7 24. Ne4 f5 25. Nc5 Rf7 26. Rd1 Re8 27. Rd6 Kh7 28. b4 Bf8 29. Rd7 Rxd7 30. Nxd7 Bg7 31. Nc5 b6 32. Nd3 f4 33. Bc1 g5 34. Re1 e4 35. Nf2 e3 36. Nd1 Ne5 37. Nb2 Rc8 38. Bxe3 fxe3 39. Rxe3 Kg6 40. Nd1 Kf5 41. g4+ Kf4 42. Kg2 Rd8 43. Re1 Rd2+ 44. Kg1 Nf3+ 0-1


[Site "https://www.chess.com"]

[Event "Titled Tuesday Blitz June 27 Early 2023"]
[White "Volkov, Maksim"]
[Black "BenchGM"]
[WhiteFideId "54123070"]
[WhiteElo "2709"]
[BlackElo "2413"]
[Result "1-0"]
[Round "1"]
[TimeControl "180+2"]
[Date "2023.06.27"]
[WhiteClock "0:00:46"]
[BlackClock "0:00:00"]
[Board "119"]

1. d4 Nf6 2. c4 e6 3. g3 d5 4. Bg2 Be7 5. Nf3 O-O 6. Nc3 dxc4 7. Ne5 Nc6 8. Bxc6 bxc6 9. Nxc6 Qe8 10. Nxe7+ Qxe7 11. Qa4 Bb7 12. f3 c5 13. Be3 Nd5 14. Nxd5 exd5 15. Qa3 Rfe8 16. Kf2 cxd4 17. Qxe7 Rxe7 18. Bxd4 Rae8 19. Rhe1 Ba6 20. Bc3 f5 21. Rad1 Bb7 22. h4 h5 23. Bd4 Ba6 24. Bc5 Rb7 25. Bd4 Rbe7 26. Bc3 Bb7 27. Rd2 Kf7 28. Rc1 Rg8 29. Bd4 a5 30. Rc3 a4 31. Be3 Bc6 32. b3 axb3 33. axb3 Rge8 34. bxc4 dxc4 35. Bc5 Re5 36. Rxc4 Bb5 37. Rcc2 Rc8 38. Bd4 Rxc2 39. Rxc2 Re7 40. Be3 g6 41. Rc5 Ba6 42. Ra5 Bc4 43. Rc5 Ba6 44. Rc6 Bb5 45. Rb6 Bc4 46. Rd6 Bb5 47. Rd2 Bc4 48. Bc5 Rb7 49. Ke3 Be6 50. Kf4 Kf6 51. Bd4+ Kf7 52. Rc2 1-0


[Site "https://www.chess.com"]

[Event "Titled Tuesday Blitz June 27 Early 2023"]
[White "JERO-8914"]
[Black "Petrosian, Karlen"]
[BlackFideId "4176146"]
[WhiteElo "2410"]
[BlackElo "2708"]
[Result "1-0"]
[Round "1"]
[TimeControl "180+2"]
[Date "2023.06.27"]
[WhiteClock "0:01:00"]
[BlackClock "0:00:58"]
[Board "120"]

1. e4 e6 2. d4 d5 3. Nd2 h6 4. Ngf3 Nf6 5. Bd3 c5 6. exd5 Qxd5 7. c4 Qh5 8. O-O cxd4 9. Nxd4 Qxd1 10. Rxd1 a6 11. N2f3 Bc5 12. a3 Bd7 13. b4 Ba7 14. Bb2 Nc6 15. Nxc6 Bxc6 16. Ne5 Ba4 17. Re1 Ke7 18. c5 Rhd8 19. Bc4 Rd2 20. Bc3 Rc2 21. Rac1 Rd8 22. Rxc2 Bxc2 23. Bxa6 bxa6 24. Nc6+ Kd7 25. Nxa7 Ra8 26. c6+ Kc7 27. Be5+ Kb6 28. Bd4+ Kc7 29. Rc1 Ba4 30. Be5+ Kb6 31. c7 Bd7 32. c8=Q Bxc8 33. Nxc8+ Kb5 34. Rc5+ Ka4 35. Nb6+ 1-0


[Site "https://www.chess.com"]

[Event "Titled Tuesday Blitz June 27 Early 2023"]
[White "Gedajlovic, Max"]
[Black "Szyszylo, Rafal"]
[WhiteFideId "2616840"]
[BlackFideId "1109626"]
[WhiteElo "2707"]
[BlackElo "2408"]
[Result "1-0"]
[Round "1"]
[TimeControl "180+2"]
[Date "2023.06.27"]
[WhiteClock "0:00:33"]
[BlackClock "0:00:00"]
[Board "121"]

1. d4 g6 2. c4 Nf6 3. Nc3 Bg7 4. e4 d6 5. h3 O-O 6. Be3 e5 7. d5 c6 8. g4 a5 9. Nge2 a4 10. Ng3 Qa5 11. Qd2 cxd5 12. cxd5 Bd7 13. g5 Nh5 14. Nxh5 gxh5 15. Be2 h4 16. Kf1 Na6 17. Bg4 Bb5+ 18. Kg2 Rac8 19. Bxc8 Rxc8 20. Nxb5 Qxb5 21. Rac1 Nc5 22. Bxc5 dxc5 23. d6 Rd8 24. Rhd1 b6 25. Qd5 Rd7 26. b3 a3 27. Rc3 Qe2 28. Rd2 Qh5 29. f4 exf4 30. Rf3 Bf8 31. e5 Qxg5+ 32. Kh2 Kh8 33. Rg2 Qf5 34. Qa8 1-0


[Site "https://www.chess.com"]

[Event "Titled Tuesday Blitz June 27 Early 2023"]
[White "Ai, Evan"]
[Black "Nouri, Alekhine"]
[WhiteFideId "2094770"]
[BlackFideId "5216184"]
[WhiteElo "2407"]
[BlackElo "2706"]
[Result "0-1"]
[Round "1"]
[TimeControl "180+2"]
[Date "2023.06.27"]
[WhiteClock "0:00:59"]
[BlackClock "0:01:55"]
[Board "122"]

1. e4 c5 2. Nf3 d6 3. d4 cxd4 4. Nxd4 Nf6 5. Nc3 a6 6. f3 e5 7. Nb3 Be7 8. Be3 Be6 9. Qd2 h5 10. Nd5 Nxd5 11. exd5 Bf5 12. a4 Nd7 13. a5 Rc8 14. c4 O-O 15. Be2 Bh4+ 16. g3 Be7 17. O-O Bh3 18. Rfc1 h4 19. Kf2 f5 20. f4 Nf6 21. Bf3 Bg4 22. Bb6 Qe8 23. fxe5 Ne4+ 24. Bxe4 fxe4+ 25. Kg1 Qh5 26. exd6 Bxd6 27. c5 e3 28. Qxe3 Rce8 29. Qd2 Re2 30. cxd6 hxg3 31. Qxe2 Bxe2 32. hxg3 Qxd5 33. Rc3 Bf3 34. Bc5 Qh5 35. d7 Qh1+ 36. Kf2 Qg2+ 37. Ke3 Qe2+ 38. Kd4 Qe4# 0-1


[Site "https://www.chess.com"]

[Event "Titled Tuesday Blitz June 27 Early 2023"]
[White "Hambleton, Aman"]
[Black "Koepke, Christian"]
[WhiteFideId "2606577"]
[BlackFideId "4655737"]
[WhiteElo "2704"]
[BlackElo "2406"]
[Result "1-0"]
[Round "1"]
[TimeControl "180+2"]
[Date "2023.06.27"]
[WhiteClock "0:00:03"]
[BlackClock "0:00:00"]
[Board "123"]

1. d4 d5 2. Bf4 c5 3. e3 cxd4 4. exd4 Nc6 5. c3 Bf5 6. Qb3 Qd7 7. Nd2 e6 8. Ngf3 f6 9. Be2 g5 10. Bg3 h5 11. h3 Nge7 12. Nf1 Bh6 13. Ne3 Be4 14. Nd2 Bg6 15. Qd1 Bg7 16. Nb3 b6 17. Bd3 f5 18. f4 h4 19. Bh2 Bh5 20. Be2 Bxe2 21. Qxe2 gxf4 22. Bxf4 Ng6 23. Bh2 O-O 24. O-O Bh6 25. Rae1 Rae8 26. Qh5 Kh7 27. Nc1 Qg7 28. Nd3 Rg8 29. Rf2 Nd8 30. Ne5 Nxe5 31. Bxe5 Qg6 32. Qxh4 Nf7 33. Bf4 Ng5 34. Bxg5 Qxg5 35. Qxg5 Bxg5 36. Nc2 Bh4 37. Nb4 Bxf2+ 38. Kxf2 Rg6 39. Nd3 Kg7 40. Nf4 Rh6 41. Nxd5 Kf7 42. Nf4 Rg8 43. g3 Rh7 44. h4 Rh6 45. Re3 Re8 46. Nd3 Kf6 47. Kf3 Rh7 48. Nf4 Rg7 49. Nh5+ Kg6 50. Nxg7 Kxg7 51. g4 Kf6 52. gxf5 Kxf5 53. Re5+ Kf6 54. Ke4 Rg8 55. Rg5 Rh8 56. Rg4 Rh5 57. c4 Ra5 58. a3 b5 59. c5 Ra4 60. h5 e5 61. Kd5 exd4 62. Rxd4 1-0


[Site "https://www.chess.com"]

[Event "Titled Tuesday Blitz June 27 Early 2023"]
[White "Petrova, Irina"]
[Black "Di Benedetto, Edoardo"]
[WhiteFideId "14124122"]
[BlackFideId "875740"]
[WhiteElo "2392"]
[BlackElo "2703"]
[Result "1-0"]
[Round "1"]
[TimeControl "180+2"]
[Date "2023.06.27"]
[WhiteClock "0:01:46"]
[BlackClock "0:01:44"]
[Board "124"]

1. e4 e6 2. d4 d5 3. Nc3 Nf6 4. Bg5 Bb4 5. e5 h6 6. Bd2 Bxc3 7. bxc3 Ne4 8. Qg4 Kf8 9. Bd3 Nxd2 10. Kxd2 c5 11. h4 c4 12. Be2 Nc6 13. Rh3 b5 14. Rg3 Rg8 15. Nh3 a5 16. Nf4 Ne7 17. a3 Nf5 18. Rf3 Qe7 19. h5 Rb8 20. Qh3 b4 21. axb4 axb4 22. g4 bxc3+ 23. Ke1 Nh4 24. Qxh4 Qb4 25. Qd8# 1-0


[Site "https://www.chess.com"]

[Event "Titled Tuesday Blitz June 27 Early 2023"]
[White "De Silva, L M S T"]
[Black "Goldin, Roman"]
[WhiteFideId "9953698"]
[BlackFideId "2803860"]
[WhiteElo "2702"]
[BlackElo "2389"]
[Result "1-0"]
[Round "1"]
[TimeControl "180+2"]
[Date "2023.06.27"]
[WhiteClock "0:01:14"]
[BlackClock "0:00:00"]
[Board "125"]

1. e4 Nc6 2. d4 e5 3. Nf3 exd4 4. Nxd4 g6 5. Be3 Bg7 6. Nc3 Nf6 7. Be2 O-O 8. O-O Re8 9. Nxc6 bxc6 10. f3 d5 11. Bg5 h6 12. Bh4 g5 13. Bg3 Nh5 14. Bf2 Nf4 15. Bd4 Bxd4+ 16. Qxd4 dxe4 17. Qxd8 Rxd8 18. fxe4 Nxe2+ 19. Nxe2 Rd2 20. Ng3 Rxc2 21. Rac1 Rxb2 22. Rxc6 Be6 23. Rxc7 Rxa2 24. Nh5 a5 25. Nf6+ Kg7 26. h4 gxh4 27. Nh5+ Kg8 28. Nf6+ Kh8 29. Nh5 a4 30. Rf6 a3 31. Rxh6+ Kg8 32. Rc5 Ra6 33. Rb5 Ra1+ 34. Kh2 a2 35. Rb8+ 1-0


[Site "https://www.chess.com"]

[Event "Titled Tuesday Blitz June 27 Early 2023"]
[White "Barbot, Pierre"]
[Black "Darini, Pouria"]
[WhiteFideId "663727"]
[BlackFideId "12502200"]
[WhiteElo "2388"]
[BlackElo "2701"]
[Result "0-1"]
[Round "1"]
[TimeControl "180+2"]
[Date "2023.06.27"]
[WhiteClock "0:00:00"]
[BlackClock "0:00:42"]
[Board "126"]

1. d4 Nf6 2. Nf3 g6 3. Bf4 Bg7 4. e3 O-O 5. Be2 d6 6. h3 Nc6 7. O-O Nd7 8. Bh2 e5 9. c4 e4 10. Nfd2 f5 11. Nc3 Nf6 12. a3 g5 13. b4 Ne7 14. Qb3 Be6 15. d5 Bf7 16. Rac1 Ng6 17. Rfd1 Qe7 18. c5 f4 19. Bc4 Rae8 20. Re1 f3 21. gxf3 exf3 22. Nxf3 g4 23. hxg4 Nxg4 24. Bg3 h5 25. cxd6 cxd6 26. Nb5 N6e5 27. Nh4 Nh6 28. Bf1 Bf6 29. Ng2 Nf3+ 30. Kh1 Qd7 31. Nf4 h4 32. Bh2 Ng4 0-1


[Site "https://www.chess.com"]

[Event "Titled Tuesday Blitz June 27 Early 2023"]
[White "Fernandez Guillen, Ernesto J."]
[Black "FuenfgegenWilly"]
[WhiteFideId "3512428"]
[WhiteElo "2701"]
[BlackElo "2387"]
[Result "1/2-1/2"]
[Round "1"]
[TimeControl "180+2"]
[Date "2023.06.27"]
[WhiteClock "0:00:08"]
[BlackClock "0:00:03"]
[Board "127"]

1. e4 e5 2. Nf3 Nc6 3. d4 exd4 4. Bc4 Nf6 5. O-O Nxe4 6. Re1 d5 7. Bxd5 Qxd5 8. Nc3 Qh5 9. Nxe4 Be6 10. Bg5 Bd6 11. Bf6 Bxh2+ 12. Nxh2 Qxd1 13. Raxd1 gxf6 14. Nxf6+ Kf8 15. Nh5 Rg8 16. a3 Rg5 17. Nf4 Re8 18. Nf3 Rb5 19. b4 a5 20. Nxd4 Nxd4 21. Rxd4 c5 22. Re5 axb4 23. axb4 Rxb4 24. Rxb4 cxb4 25. Rb5 Rc8 26. Rxb4 Rxc2 27. Rxb7 Bf5 28. f3 Kg7 29. Kh2 Ra2 30. Kg3 Bc8 31. Rc7 Ba6 32. Kg4 Bf1 33. g3 Ra4 34. Kg5 h6+ 35. Kf5 Ra5+ 36. Kg4 Ra4 37. Rc5 Ra3 38. Nh5+ Kg6 39. Rc6+ Kh7 40. Rc7 Ra4+ 41. Nf4 Kg7 42. Rc3 Ba6 43. Rc5 Bb7 44. Rc7 Ba8 45. Rc3 Bb7 46. Kh3 Ra1 47. Nh5+ Kg6 48. g4 Rf1 49. Nf4+ Kg7 50. Kg3 Rg1+ 51. Kf2 Rb1 52. Rc7 Rb2+ 53. Kg3 Rb3 54. Nh5+ Kg6 55. Kh4 Bxf3 56. Rd7 Ba8 57. Rd6+ Kh7 58. Rf6 Bd5 59. Rd6 Be6 60. Nf4 Re3 61. Rd4 Kg7 62. Nh5+ Kh7 63. Rf4 Kg8 64. Nf6+ Kg7 65. Ne8+ Kf8 66. Nd6 Ke7 67. Ne4 Re1 68. Ng3 Ra1 69. Rb4 Rd1 70. Rb7+ Rd7 71. Rb4 Rd5 72. Ne4 Re5 73. Rd4 Rd5 74. Rb4 Kf8 75. Kg3 Rd3+ 76. Kf4 Rd1 77. Nf2 Rf1 78. Kg3 Rg1+ 79. Kf4 Ra1 80. Ne4 Rf1+ 81. Ke3 Kg7 82. Nf2 Rg1 83. Kf3 Bd5+ 84. Ke3 Be6 85. Kf3 Bd5+ 86. Kf4 Be6 87. Rd4 Ra1 88. Ne4 Rf1+ 89. Ke3 Bxg4 90. Nf2 Be6 91. Ke2 Rg1 92. Kf3 Rg5 93. Ne4 Rf5+ 94. Ke3 Rd5 95. Rb4 Ra5 96. Nd2 Ra3+ 97. Kf4 Ra2 98. Nf3 Rf2 99. Kg3 Rf1 100. Kg2 Ra1 101. Kg3 Ra2 102. Kf4 Ra8 103. Ne5 Rh8 104. Rb2 Kf6 105. Nf3 h5 106. Nh4 Rg8 107. Nf3 Rg4+ 108. Ke3 Rg3 109. Kf4 Rg4+ 110. Ke3 Kg7 111. Rh2 Kh6 112. Ne5 Ra4 113. Rb2 Ra3+ 114. Kf4 Ra4+ 115. Ke3 h4 116. Rb8 Kg5 117. Nf3+ Kf6 118. Rh8 Ra3+ 119. Kf4 Ra4+ 120. Ke3 Bg4 121. Nxh4 Kg5 122. Nf3+ Bxf3 123. Kxf3 Ra3+ 124. Ke4 f5+ 125. Ke5 Re3+ 126. Kd4 Kf4 127. Rh4+ Kg3 128. Kxe3 Kxh4 129. Kf4 Kh5 130. Kxf5 1/2-1/2


[Site "https://www.chess.com"]

[Event "Titled Tuesday Blitz June 27 Early 2023"]
[White "Dixit, Arun"]
[Black "Diaz Perez, Michel Alejandro"]
[WhiteFideId "30937671"]
[BlackFideId "3517179"]
[WhiteElo "2384"]
[BlackElo "2700"]
[Result "1-0"]
[Round "1"]
[TimeControl "180+2"]
[Date "2023.06.27"]
[WhiteClock "0:00:22"]
[BlackClock "0:00:05"]
[Board "128"]

1. Nf3 Nf6 2. g3 d6 3. Bg2 e5 4. O-O Nbd7 5. d4 exd4 6. Nxd4 g6 7. c4 Bg7 8. Nc3 O-O 9. b3 Re8 10. Bb2 Nc5 11. Re1 a5 12. e4 c6 13. Qd2 Qc7 14. Rad1 Bg4 15. f3 Bd7 16. Nc2 Re6 17. Nd4 Ree8 18. Nc2 Re6 19. Nd4 Re7 20. Nc2 Ne8 21. Ne3 Be6 22. f4 Rd8 23. f5 Bc8 24. Ncd5 cxd5 25. Nxd5 Qd7 26. f6 Nxf6 27. Nxf6+ Bxf6 28. Bxf6 Qe6 29. e5 Red7 30. Bxd8 Rxd8 31. exd6 Qf6 32. Rf1 Qe5 33. Bd5 Be6 34. Qf2 Rd7 35. Qxc5 Bg4 36. Rde1 Qc3 37. Bxf7+ Rxf7 38. Re8+ Kg7 39. Qe5+ Qxe5 40. Rxe5 Bf5 41. Re7 Rxe7 42. dxe7 Bd7 43. Rf8 b5 44. e8=Q Bxe8 45. Rxe8 bxc4 46. bxc4 Kf6 47. Ra8 Ke5 48. Rxa5+ Kd4 49. Ra7 Kxc4 50. Rxh7 g5 51. Rg7 g4 52. Rxg4+ Kd3 53. Rf4 1-0


[Site "https://www.chess.com"]

[Event "Titled Tuesday Blitz June 27 Early 2023"]
[White "Klekowski, Maciej"]
[Black "Topalov, Aleksandar"]
[WhiteFideId "1132717"]
[BlackFideId "925659"]
[WhiteElo "2700"]
[BlackElo "2383"]
[Result "1-0"]
[Round "1"]
[TimeControl "180+2"]
[Date "2023.06.27"]
[WhiteClock "0:00:50"]
[BlackClock "0:00:04"]
[Board "129"]

1. c4 Nf6 2. Nc3 g6 3. g3 Bg7 4. Bg2 O-O 5. d3 c5 6. h4 h6 7. Bd2 Nc6 8. Qc1 h5 9. Nf3 d6 10. Rb1 Ng4 11. a3 a5 12. O-O Bd7 13. Re1 Rb8 14. Bg5 Re8 15. Ne4 Bf5 16. Bd2 Bxe4 17. dxe4 b5 18. b3 bxc4 19. Qxc4 Qb6 20. e3 Qb5 21. Qc2 Nce5 22. Nxe5 Nxe5 23. Red1 Qe2 24. Re1 Qb5 25. Bf1 Qb6 26. Kg2 Ra8 27. f4 Ng4 28. Be2 Nf6 29. Bf3 Rab8 30. Qc4 Qb5 31. Qxb5 Rxb5 32. a4 Rb7 33. e5 1-0


[Site "https://www.chess.com"]

[Event "Titled Tuesday Blitz June 27 Early 2023"]
[White "Buscar, Michael"]
[Black "Khoroshev, Nikita"]
[WhiteFideId "2603616"]
[BlackFideId "14200287"]
[WhiteElo "2383"]
[BlackElo "2699"]
[Result "0-1"]
[Round "1"]
[TimeControl "180+2"]
[Date "2023.06.27"]
[WhiteClock "0:00:00"]
[BlackClock "0:01:32"]
[Board "130"]

1. Nf3 Nf6 2. d4 d5 3. c4 dxc4 4. e3 a6 5. Bxc4 c5 6. O-O e6 7. Nc3 Be7 8. dxc5 Qxd1 9. Rxd1 Bxc5 10. b3 b5 11. Be2 Bb7 12. Bb2 Nbd7 13. Rac1 Ke7 14. Nd4 Rac8 15. Bf3 Bxf3 16. Nxf3 Rhd8 17. Kf1 h6 18. Ke2 Bb6 19. Ba3+ Bc5 20. Bxc5+ Rxc5 21. Nb1 Rdc8 22. Rxc5 Rxc5 23. Nd4 Nd5 24. Kd2 N7f6 25. f3 g6 26. e4 Nb6 27. Rc1 Nfd7 28. Rxc5 Nxc5 29. Nc6+ Kd6 30. Nb4 a5 31. Nd3 Ncd7 32. Nc3 Kc6 33. Ne2 e5 34. Nc3 b4 35. Nd1 f6 36. Ne3 h5 37. g4 h4 38. f4 exf4 39. Nxf4 Ne5 40. Ne6 Kd6 41. Nd4 Nbd7 42. h3 Nc5 43. Ke2 Nxe4 0-1


[Site "https://www.chess.com"]

[Event "Titled Tuesday Blitz June 27 Early 2023"]
[White "Arifarsky"]
[Black "Manukian, Artak"]
[BlackFideId "13301373"]
[WhiteElo "2697"]
[BlackElo "2383"]
[Result "0-1"]
[Round "1"]
[TimeControl "180+2"]
[Date "2023.06.27"]
[WhiteClock "0:00:00"]
[BlackClock "0:00:50"]
[Board "131"]

1. Nf3 c5 2. e3 d5 3. b3 Nc6 4. Bb2 f6 5. d4 Bg4 6. Nbd2 e5 7. dxe5 Nxe5 8. Be2 Bxf3 9. Nxf3 Nc6 10. O-O Nh6 11. c4 dxc4 12. Qc2 cxb3 13. Qxb3 Qb6 14. Qc2 O-O-O 15. Rab1 Nb4 16. Qc4 Qa6 17. Rfc1 Qxc4 18. Bxc4 Nd3 19. Rc2 Nxb2 20. Rcxb2 b6 21. a4 Bd6 22. a5 Bc7 23. g3 Rd6 24. e4 Rhd8 25. Bd5 Ng4 26. Kg2 Ne5 27. Nxe5 fxe5 0-1


[Site "https://www.chess.com"]

[Event "Titled Tuesday Blitz June 27 Early 2023"]
[White "Fontaine, Quentin"]
[Black "Preotu, Razvan"]
[WhiteFideId "230804"]
[BlackFideId "2613280"]
[WhiteElo "2381"]
[BlackElo "2694"]
[Result "0-1"]
[Round "1"]
[TimeControl "180+2"]
[Date "2023.06.27"]
[WhiteClock "0:00:02"]
[BlackClock "0:00:16"]
[Board "132"]

1. e4 c5 2. Nc3 d6 3. d4 cxd4 4. Qxd4 Nc6 5. Qd2 g6 6. b3 Bh6 7. f4 Nf6 8. Bb2 O-O 9. O-O-O e5 10. g3 Re8 11. Bg2 Bg4 12. Nge2 exf4 13. gxf4 Bxe2 14. Nxe2 Nxe4 15. Bxe4 Rxe4 16. Qc3 Ne5 17. Rhe1 Rc8 18. Qh3 Qc7 19. c4 Nxc4 20. bxc4 Rxc4+ 21. Kb1 Rc2 22. Rc1 Bg7 23. Qxc8+ Qxc8 24. Rxc2 Qe6 25. Bxg7 Kxg7 26. Rcc1 Qh3 27. Nc3 Qxh2 28. Nd5 Qg2 29. Red1 h5 30. Rc7 h4 31. Rc2 Qe4 32. Rd2 h3 33. Kb2 h2 34. Rxh2 Qxd5 35. Rcf2 Qd4+ 36. Kb1 Qe4+ 37. Kb2 d5 38. Rhg2 Kf6 39. f5 g5 40. Re2 Qb4+ 41. Kc2 d4 42. Re4 Qc3+ 43. Kd1 d3 44. Rd2 Qa1# 0-1


[Site "https://www.chess.com"]